 Dungeon Crawl Stone Soup version 0.27.0-1-g7a089689b8 (webtiles) character file.

Game seed: 4522187312685512584

5432 wakim the Fighter (level 10, -3/114 HPs)
             Began as an Ogre Hunter on Aug 11, 2021.
             Was an Elder of Okawaru.
             Succumbed to a gnoll sergeant's poison
             ... on level 10 of the Dungeon.
             The game lasted 00:34:04 (17713 turns).

wakim the Fighter (Ogre Hunter)                    Turns: 17713, Time: 00:34:05

Health: -3/114     AC:  8    Str: 19    XL:     10   Next: 67%
Magic:  13/13      EV:  7    Int: 18    God:    Okawaru [****..]
Gold:   346        SH:  7    Dex: 11    Spells: 9/9 levels left

rFire    . . .     SeeInvis .   a - +0 flail (vorpal)
rCold    + . .     Faith    .   g - +0 kite shield
rNeg     . . .     Spirit   .   n - +0 steam dragon scales
rPois    .         Reflect  .   (helmet restricted)
rElec    .         Harm     .   k - +1 cloak
rCorr    .         Rampage  .   (gloves unavailable)
Will     +....                  (boots unavailable)
Stlth    +.........             (no amulet)
HPRegen  0.29/turn              f - ring of protection from cold
MPRegen  0.13/turn              j - +6 ring of intelligence

@: lethally poisoned (-3 -> -14), very slightly contaminated, slowed, invisible,
very slow
A: large, unfitting armour, tough skin 1
a: Renounce Religion, Heroism


You were on level 10 of the Dungeon.
You worshipped Okawaru.
Okawaru was greatly pleased with you.
You visited 2 branches of the dungeon, and saw 11 of its levels.
You also visited: Ossuary.

You collected 346 gold pieces.

Inventory:

Hand Weapons
 a - a +0 vorpal flail (weapon)
 b - a +1 giant spiked club
Missiles
 c - 10 large rocks {=f}
 d - 4 datura-tipped darts
 e - 5 throwing nets {=f!f}
 m - 12 poisoned darts (quivered)
 s - 310 stones
Armour
 g - a +0 kite shield (worn)
 k - a +1 cloak (worn)
 n - +0 steam dragon scales (worn)
Jewellery
 f - a ring of protection from cold (left hand)
 j - a +6 ring of intelligence (right hand)
 l - a ring of wizardry
Wands
 x - a wand of iceblast (16)
Scrolls
 i - a scroll of enchant armour
 R - a scroll of magic mapping {!r}
 S - 2 scrolls of summoning
 T - 4 scrolls of teleportation
Potions
 E - a potion of cancellation
 N - 2 potions of might


   Skills:
 * Level 11.3 Fighting
 * Level 8.3 Maces & Flails
 * Level 9.3 Throwing
 - Level 1.7 Dodging
 - Level 0.6 Stealth
 + Level 4.1 Invocations


You had 9 spell levels left.
You didn't know any spells.
Your spell library contained the following spells:

 Spells                   Type           Power      Damage    Failure   Level
 Magic Dart               Conj           0%         1d3       83%         1
 Sandblast                Erth           0%         2d4       83%         1
 Summon Small Mammal      Summ           0%         N/A       83%         1
 Corpse Rot               Necr/Air       N/A        N/A       93%         2
 Passwall                 Tmut/Erth      0%         N/A       93%         2
 Searing Ray              Conj           0%         3d3       93%         2
 Slow                     Hex            0%         N/A       93%         2
 Call Canine Familiar     Summ           0%         N/A       99%         3
 Confusing Touch          Hex            0%         N/A       99%         3
 Dazzling Flash           Conj/Hex       0%         N/A       99%         3
 Summon Guardian Golem    Hex/Summ       0%         N/A       99%         3
 Vampiric Draining        Necr           0%         2d6       99%         3
 Dispel Undead            Necr           0%         3d6       100%        4
 Fulminant Prism          Conj/Hex       0%         3d6       100%        4
 Petrify                  Tmut/Erth      0%         N/A       100%        4
 Agony                    Necr           0%         N/A       100%        5
 Lee's Rapid Deconstruct  Erth           0%         3d5*      100%        5
 Metabolic Englaciation   Hex/Ice        0%         N/A       100%        5
 Silence                  Hex/Air        0%         N/A       100%        5
 Death Channel            Necr           0%         N/A       100%        6
 Statue Form              Tmut/Erth      0%         N/A       100%        6


Dungeon Overview and Level Annotations

Branches:
Dungeon (9/15)             Temple (1/1) D:6            Lair (0/6) D:10
Ossuary (visited)
    Orc: D:9-12

Altars:
Ashenzari
Cheibriados
Dithmenos
Elyvilon
Fedhas
Gozag
Hepliaklqana
Kikubaaqudgha
Makhleb
Nemelex Xobeh
Okawaru
Qazlal
Ru
Sif Muna
Trog
Uskayaw
Vehumet
Wu Jian
Xom
Yredelemnul
Zin
The Shining One

Shops:
D:3 =   D:6 =

Annotations:
D:5 1 runed translucent door, Crazy Yiuf, Dowan
D:7 2 transporters, Menkaure


Innate Abilities, Weirdness & Mutations

You are too large for most types of armour.
You have tough skin. (AC +1)


Message History

You feel as though you will be slow longer.
You sock the wraith!
The wraith is severely damaged.
The gnoll sergeant hits you from afar with a +0 spear of venom!
* * * LOW HITPOINT WARNING * * *
You are poisoned.
You block the wraith's attack.
The gnoll sergeant hits you from afar with a +0 spear of venom!
* * * LOW HITPOINT WARNING * * *
You are lethally poisoned!
You feel much better.
You feel extremely sick. The wraith hits you.
* * * LOW HITPOINT WARNING * * *
The wraith drains your vigour!
You feel as though you will be slow longer.
You block the gnoll sergeant's attack. The wraith hits you!
* * * LOW HITPOINT WARNING * * *
The wraith drains your vigour!
You feel as though you will be slow longer.
You fade into invisibility!
* * * LOW HITPOINT WARNING * * *
You feel extremely sick.
The centaur shoots an arrow.
The arrow hits the wraith but does no damage.
The gnoll sergeant closely misses you. The wraith hits you!
* * * LOW HITPOINT WARNING * * *
The wraith drains your vigour!
You feel as though you will be slow longer.
The centaur shoots an arrow.
The arrow hits the wraith!
The wraith is destroyed!
You block the gnoll sergeant's attack.
You are very lightly contaminated with residual magic.
* * * LOW HITPOINT WARNING * * *
You feel very sick.
The centaur shoots an arrow.
The arrow hits you but does no damage.
The centaur shoots an arrow.
The arrow closely misses the gnoll sergeant.
You block the arrow.
You die...

,,,,,,* *,*
#........,,****,,**
****,,* *,*
#.......#,*,*****,,
* *,,* *,*
#.......#.#*,** ***
* *,,* *,*
#.......#.#**,** *
* *,,* *,*
#.....g.#.# **,##**
* *,,* *,*
#..####g#.# *#..,,
* *,,* *,* #..#
#g#.# *#.#*** *
*,,***#.####..#
#...#*#.#* ## *
*,,,,,.......@#
#...##.#*###. *
*,,,,,........#
#.g.#.####...
****,,***..#####.#
#g...###.....
,,,,,,* *,,*
#g####.#......#...
,,,,,,* *,,*
#cg..g.###..####..
,,,,,,* *,,*
#ggg..)# #..# #..
*****,* *,,*
#.####.#*#..#**#..
* *,***,,* #.#
#.......,,... *
*,,,,,,* #.#
#........,)..


You could see a gnoll sergeant, a centaur and 3 gnolls.

Vanquished Creatures
  Harold (D:7)
  Maggie (D:7)
  Prince Ribbit (D:5)
  5 yaks (D:8)
  Edmund (D:4)
  3 sky beasts
  3 ice beasts
  An orc warrior (D:8)
  A necrophage (D:6)
  2 ogres
  A centaur (D:8)
  A kobold brigand (D:7)
  Blork the orc (D:5)
  3 bullfrogs (D:7)
  3 gnoll sergeants
  A wyvern zombie (D:6)
  3 scorpions
  A water moccasin zombie (D:5)
  6 killer bees (D:7)
  2 water moccasin skeletons
  4 howler monkeys (D:8)
  A bullfrog zombie (D:5)
  2 centaur zombies (D:6)
  A hound (D:6)
  A jelly (D:5)
  2 orc priests (D:8)
  2 centaur skeletons (D:6)
  4 mummies (Ossuary)
  Ijyb (D:4)
  8 orc wizards
  5 iguanas
  A killer bee zombie (D:6)
  A howler monkey zombie (D:8)
  12 gnolls
  8 adders
  A shadow imp (D:7)
  2 worms
  8 orcs
  7 endoplasms
  2 giant cockroaches (D:1)
  6 goblins
  12 hobgoblins
  10 jackals
  3 quokkas
  5 ball pythons
  9 bats
  3 frilled lizards
  13 kobolds
  5 rats
180 creatures vanquished.

Vanquished Creatures (others)
  A wraith (D:10)
  11 fungi (D:5)
  A plant (D:6)
  9 withered plants (Ossuary)
22 creatures vanquished.

Grand Total: 202 creatures vanquished

Notes
Turn   | Place    | Note
-------+----------+-------------------------------------------
     0 | D:1      | wakim the Ogre Hunter began the quest for the Orb.
     0 | D:1      | Reached XP level 1. HP: 22/22 MP: 1/1
   115 | D:1      | Reached skill level 3 in Fighting
   300 | D:1      | Reached XP level 2. HP: 23/31 MP: 2/2
  1016 | D:1      | Reached skill level 4 in Fighting
  1019 | D:1      | Reached XP level 3. HP: 39/39 MP: 3/3
  1701 | D:1      | Found a faded altar of an unknown god.
  2064 | D:1      | Reached XP level 4. HP: 13/49 MP: 4/4
  2767 | D:2      | Reached skill level 5 in Fighting
  2931 | D:2      | Reached skill level 1 in Maces & Flails
  3623 | D:3      | Reached XP level 5. HP: 57/57 MP: 5/5
  3853 | D:3      | Found Iriutt's Jewellery Shop.
  3984 | D:3      | Found a glowing golden altar of the Shining One.
  4298 | D:3      | Noticed an ogre
  4302 | D:3      | Killed an ogre
  4303 | D:3      | Reached skill level 5 in Throwing
  4303 | D:3      | Reached XP level 6. HP: 67/67 MP: 6/6
  4765 | D:4      | Reached skill level 6 in Fighting
  4780 | D:4      | Found an iron altar of Okawaru.
  4827 | D:4      | Became a worshipper of Warmaster Okawaru
  4895 | D:4      | Noticed Edmund
  5511 | D:4      | Killed Edmund
  5512 | D:4      | Reached XP level 7. HP: 66/76 MP: 7/7
  6238 | D:4      | Found a radiant altar of Vehumet.
  6264 | D:5      | Entered Level 5 of the Dungeon
  6329 | D:5      | Reached skill level 7 in Fighting
  6332 | D:5      | Found an ornate altar of the Wu Jian Council.
  6336 | D:5      | Found a sand-covered staircase.
  6362 | Ossuary  | Entered an ossuary
  6735 | D:5      | Reached * piety under Okawaru
  7092 | D:5      | Noticed Ijyb
  7366 | D:4      | Reached XP level 8. HP: 51/87 MP: 8/8
  7530 | D:4      | Killed Ijyb
  7802 | D:4      | HP: 2/87 [orc wizard/magic dart (4)]
  9005 | D:5      | Reached skill level 8 in Fighting
  9005 | D:5      | Reached skill level 5 in Maces & Flails
  9280 | D:5      | Noticed Blork the orc
  9283 | D:5      | Killed Blork the orc
  9340 | D:5      | Reached ** piety under Okawaru
 10098 | D:5      | Noticed Prince Ribbit
 10111 | D:5      | Killed Prince Ribbit
 10112 | D:5      | Reached XP level 9. HP: 97/97 MP: 9/9
 10729 | D:5      | Noticed Dowan
 11407 | D:5      | Found a runed translucent door.
 11408 | D:5      | Noticed Crazy Yiuf
 11542 | D:6      | Found Qotzogho's Jewellery Boutique.
 11656 | D:6      | Reached skill level 9 in Fighting
 12064 | D:6      | Reached skill level 1 in Invocations
 12549 | D:6      | Found a staircase to the Ecumenical Temple.
 12759 | Temple   | Entered the Ecumenical Temple
 13220 | D:7      | Noticed Harold
 13360 | D:7      | Found a basalt altar of Yredelemnul.
 13360 | D:7      | Noticed Menkaure
 13706 | D:7      | Reached *** piety under Okawaru
 13912 | D:7      | Killed Harold
 13913 | D:7      | Reached skill level 10 in Fighting
 13913 | D:7      | Reached XP level 10. HP: 19/111 MP: 10/12
 14444 | D:7      | Noticed Maggie
 14469 | D:7      | Killed Maggie
 14469 | D:7      | Received a gift from Okawaru
 14469 | D:7      | Reached **** piety under Okawaru
 14727 | D:7      | Found a transporter.
 14734 | D:7      | Found a transporter.
 14757 | D:7      | Found an ancient bone altar of Kikubaaqudgha.
 16702 | D:8      | Reached skill level 11 in Fighting
 17331 | D:9      | You fall into a shaft and drop 1 floor!
 17331 | D:10     | Entered Level 10 of the Dungeon
 17356 | D:10     | Found a staircase to the Lair.
 17711 | D:10     | HP: 5/114 [wraith (7)]
 17712 | D:10     | HP: 1/114 [poisoned by a gnoll sergeant]
 17713 | D:10     | Succumbed to a gnoll sergeant's poison

Illustrated notes

Levels and vault maps discovered:
D:1:      tarquinn_simple_flora_water_b, layout_basic,
          hellmonk_ecumenical_altar_inner_sanctum
D:2:      layout_basic
D:3:      layout_basic, lemuel_crystal_altar, serial_shops, shop
D:4:      layout_basic, okawaru_gym_becter, kennysheep_mini, uniq_edmund
D:5:      layout_rooms, nicolae_wu_jian_wuxing_cycle, serial_aquarium,
          aquarium_bridge_island_large [aquarium_subvault_large_open,
          aquarium_subvault_wall, aquarium_subvault_balcony,
          aquarium_subvault_window, aquarium_subvault_bridge],
          aquarium_window_3, aquarium_window_2, aquarium_window_2,
          aquarium_view_2e, aquarium_balcony_1b, aquarium_pool_2,
          enter_ossuary_5, minmay_a_box_with_orc_wizards_in_it,
          uniq_blork_the_orc, uniq_prince_ribbit1, uniq_ijyb,
          uniq_crazy_yiuf_cottage, uniq_duvessa
D:6:      layout_loops_cross, minmay_temple_entry_offerings, serial_shops,
          nicolae_inconvenience_store, serial_bayou_pond_e,
          minmay_misc_feat_chi, nicolae_lava_and_water, minmay_misc_feat_tiny
D:7:      layout_basic, gammafunk_temple_of_torment, amcnicky_mini_pool_small,
          chequers_serial_rivers_marsh, uniq_maggie, uniq_harold
D:8:      layout_cave_pods, minmay_misc_feat_iff
D:9:      layout_irregular_city
D:10:     minmay_the_grid_triangle_9x9_rhombus_thin
          [minmay_the_grid_triangle_9x9_fully_insulated_deathbox,
          minmay_the_grid_triangle_9x9_prize_insulated,
          minmay_the_grid_triangle_9x9_minimal,
          minmay_the_grid_triangle_9x9_wacky_v], layout_long_grid,
          enter_bailey_5, hangedman_abyss_or_decor_jellyfish_corner
Temple:   kb_temple_of_zot

Skill      XL: |  1  2  3  4  5  6  7  8  9 10 |
---------------+-------------------------------+-----
Fighting       | 3 4 5 6 7 8 10 11 | 11.3
Maces & Flails | 1 2 4 6 7 8 |  8.3
Throwing       | 5 6 7 8 9 |  9.3
Invocations    | 3 4 |  4.1
Dodging        | |  1.7
Stealth        | |  0.6

Action                   |  1- 3 |  4- 6 |  7- 9 | 10-12 || total
-------------------------+-------+-------+-------+-------++-------
Melee: Short sword       |    41 |       |       |       ||    41
       Whip              |   115 |    65 |       |       ||   180
       Flail             |       |    52 |   332 |   112 ||   496
Throw: Stone             |    88 |    87 |   153 |    54 ||   382
       Large rock        |       |     5 |     7 |     7 ||    19
       Dart              |       |       |     6 |    25 ||    31
       Throwing net      |       |       |       |     2 ||     2
Invok: Heroism           |       |       |       |     2 ||     2
Evoke: Wand              |       |       |     2 |     1 ||     3
  Use: Scroll            |       |     5 |     6 |     5 ||    16
       Potion            |       |       |     2 |     3 ||     5
 Stab: Held in net/web   |       |       |       |     1 ||     1
Armor: Robe              |    76 |    40 |    94 |     6 ||   216
       Steam dragon scal |       |       |       |    31 ||    31
Dodge: Dodged            |   125 |    62 |   154 |    89 ||   430
Block: Kite shield       |       |       |       |    20 ||    20
